 Dungeon Crawl Stone Soup version 0.27-a0-1202-ge72e49191c (webtiles) character file.

Game seed: 14928008029834975759

8 Lanoc the Grasshopper (level 2, -6/22 HPs)
             Began as a Demonspawn Warper on June 2, 2021.
             Was a Follower of Uskayaw.
             Mangled by Sigmund
             ... wielding a +2 vorpal scythe
              (11 damage)
             ... on level 2 of the Dungeon.
             The game lasted 00:01:44 (686 turns).

Lanoc the Grasshopper (Demonspawn Warper)            Turns: 686, Time: 00:01:44

Health: -6/22      AC:  4    Str: 11    XL:     2   Next: 0%
Magic:  5/5        EV: 11    Int: 14    God:    Uskayaw [*.....]
Gold:   38         SH:  0    Dex: 12    Spells: 5/5 levels left

rFire    . . .     SeeInvis .   a - +0 spear
rCold    . . .     Faith    .   (no shield)
rNeg     . . .     Spirit   .   b - +0 leather armour
rPois    .         Reflect  .   (helmet restricted)
rElec    .         Harm     .   (no cloak)
rCorr    .         Rampage  .   (no gloves)
Will     .....                  c - +0 pair of boots
Stlth    +.........             (no amulet)
HPRegen  0.07/turn              (no ring)
MPRegen  0.09/turn              (no ring)

@: flying
A: antennae 1
a: Renounce Religion, Stomp


You were on level 2 of the Dungeon.
You worshipped Uskayaw.
Uskayaw was noncommittal.
You visited 1 branch of the dungeon, and saw 2 of its levels.

You collected 38 gold pieces.

Inventory:

Hand Weapons
 a - a +0 spear (weapon)
Armour
 b - a +0 leather armour (worn)
 c - a +0 pair of boots (worn)
Scrolls
 d - a scroll of blinking
 g - a scroll of enchant armour {unknown}
 h - a scroll of immolation {unknown}


   Skills:
 + Level 2.2 Fighting
 - Level 1.7 Polearms
 - Level 0.8 Throwing
 - Level 0.8 Armour
 + Level 2.0 Dodging
 - Level 2.0 Spellcasting
 * Level 3.0 Translocations


You had 5 spell levels left.
You didn't know any spells.
Your spell library contained the following spells:

 Spells                   Type           Power      Damage    Failure   Level
 Blink                    Tloc           N/A        N/A       14%         2
 Gell's Gravitas          Tloc           4%         N/A       26%         3
 Lesser Beckoning         Tloc           4%         N/A       26%         3
 Teleport Other           Tloc           9%         N/A       26%         3
 Manifold Assault         Tloc           9%         N/A       94%         5


Dungeon Overview and Level Annotations

Branches:
Dungeon (2/15)

Altars:
Uskayaw

Shops:
D:1 (

Annotations:
D:2 Sigmund


Innate Abilities, Weirdness & Mutations

You have a pair of small antennae on your head.


Message History

It was a potion of curing.
You feel better.
You reach to attack!
You closely miss Sigmund.
Sigmund is heavily wounded.
Sigmund misses you.
You reach to attack!
You hit Sigmund.
Sigmund is heavily wounded.
Sigmund hits you from afar with a +2 vorpal scythe!
Ouch! That really hurt!
* * * LOW HITPOINT WARNING * * *
You are too injured to fight recklessly!
You feel better.
Sigmund hits you from afar with a +2 vorpal scythe.
It was a potion of flight.
You feel very buoyant.
You fly up into the air.
Sigmund hits you from afar with a +2 vorpal scythe.
* * * LOW HITPOINT WARNING * * *
You feel better.
Sigmund casts a spell at himself.
Sigmund flickers and vanishes!
Deactivating autopickup; reactivate with Ctrl-A.
Something hits you but does no damage.
You hear some strange, mumbled words.
Something tries to affect you, but you resist.
You are confused.
You are too confused!
You are too confused!
You are too confused!
You bump into the rock wall.
You bump into the rock wall.
Something barely misses you.
You bump into the rock wall.
Something barely misses you.
You bump into the rock wall.
Something hits you!
Ouch! That really hurt!
* * * LOW HITPOINT WARNING * * *
You bump into the rock wall.
You feel less confused. Something hits you!
Ouch! That really hurt!
You die...

..{. ..# ###.# #...# #+#
#.### #.# #.# #.# #.#
##.## ##.## ######...##
#...#####{@.......##
#.........###......#####
#...#####.# #....#......
##### #.###.#....##
#.....#.#### #######.#
#.# #.# #>#


There were no monsters in sight!

Vanquished Creatures
  3 bats
  An endoplasm (D:1)
  A hobgoblin (D:1)
  A ball python (D:1)
  A goblin (D:1)
  A rat (D:1)
8 creatures vanquished.

Notes
Turn   | Place    | Note
-------+----------+-------------------------------------------
     0 | D:1      | Lanoc the Demonspawn Warper began the quest for the Orb.
     0 | D:1      | Reached XP level 1. HP: 16/16 MP: 3/3
   320 | D:1      | Found Zarphuup's Weapon Emporium.
   426 | D:1      | Found a faded altar of an unknown god.
   429 | D:1      | Became a worshipper of Uskayaw the Reveller
   429 | D:1      | Reached * piety under Uskayaw
   591 | D:2      | Reached skill level 3 in Translocations
   591 | D:2      | Gained mutation: You have a pair of small antennae on your
                  | head. [demonic ancestry]
   591 | D:2      | Reached XP level 2. HP: 22/22 MP: 5/5
   645 | D:2      | Noticed Sigmund
   686 | D:2      | Mangled by Sigmund

Illustrated notes

Levels and vault maps discovered:
D:1:      psy_arrival_spokes, layout_rooms, chequers_ecumenical_altar_grove,
          serial_shops, shop
D:2:      layout_loops_corners, minmay_quantized, uniq_sigmund, uniq_robin

Skill      XL: |  1 |
---------------+----+-----
Dodging        | 2 |  2.0
Translocations | 3 |  3.0
Fighting       | |  2.2
Polearms       | |  1.7
Throwing       | |  0.8
Armour         | |  0.8
Spellcasting   | |  2.0

Action                   || total
-------------------------++-------
Melee: Spear             ||    35
Throw: Boomerang         ||     5
  Use: Potion            ||     4
Armor: Leather armour    ||    14
Dodge: Dodged            ||    18

Table legend: (Time is in decaauts)
 A = Elapsed time spent in this place.
 B = Non-inter-level travel time spent in this place.
 C = Inter-level travel time spent in this place.
 D = Time resting spent in this place.
 E = Time spent auto-exploring this place.
 F = Levels seen in this place.
 G = Mean time per level.
                   A        B        C        D        E       F      G
               +--------+--------+--------+--------+--------+-----+--------+
         Total |    687 |    657 |     30 |      0 |    550 |   2 |  343.5 |
       Dungeon |    687 |    657 |     30 |      0 |    550 |   2 |  343.5 |
               +--------+--------+--------+--------+--------+-----+--------+

Top non-repeatable levels by time:
     D:1: 576 daAuts
     D:2: 111 daAuts
